 Dungeon Crawl Stone Soup version 0.21.1 (webtiles) character file.

59286 letownia2 the Brawler (level 14, -4/96 HPs)
             Began as a Gargoyle Wizard on Feb 3, 2018.
             Was an Initiate of Gozag.
             Slain by a manticore (11 damage)
             ... summoned by Kirke
             ... on level 13 of the Dungeon.
             The game lasted 01:09:23 (21284 turns).

letownia2 the Brawler (Gargoyle Wizard)            Turns: 21284, Time: 01:09:24

Health: -4/96      AC:  0    Str: 15    XL:     14   Next: 94%
Magic:  27/27      EV: 14    Int: 20    God:    Gozag
Gold:   1629       SH:  0    Dex:  8    Spells: 19/31 levels left

rFire    . . .     SeeInvis .     - Unarmed
rCold    . . .     Gourm    .   (shield currently unavailable)
rNeg     + . .     Faith    .   (armour currently unavailable) rPois โˆž Spirit .
                                (helmet currently unavailable)
rElec    .         Reflect  .   (cloak currently unavailable)
rCorr    .         Harm     .   (gloves currently unavailable)
MR       +....                  (boots currently unavailable)
Stlth    ++........             (no amulet)
HPRegen  0.26/turn              (ring currently unavailable)
MPRegen  0.20/turn              (ring currently unavailable)

@: about to teleport, pig-form, very quick
A: small, negative energy resistance 1, petrification resistance, rot immunity,
AC +10
a: Potion Petition, Call Merchant, Bribe Branch, Renounce Religion


You were on level 13 of the Dungeon.
You worshipped Gozag.
Gozag was most pleased with you.
You were not hungry.
You were a filthy swine.
You visited 4 branches of the dungeon, and saw 19 of its levels.
You also visited: Ice Cave and Volcano.

You collected 7033 gold pieces.
You spent 252 gold pieces at shops.
You paid 5152 gold pieces to Gozag.

Inventory:

Hand Weapons
 b - a +2 flail of holy wrath
 c - a +1 blowgun
 T - a +1 trident of venom
Missiles
 p - 26 bolts
 E - 4 curare-tipped needles
 P - 2 throwing nets (quivered)
Armour
 l - a +2 pair of boots of flying (melded)
 n - a +1 buckler of fire resistance (melded)
 w - a +0 pair of gloves (melded)
 A - a scarf of cloud immunity (melded)
 F - a +3 scale mail of cold resistance (melded)
 G - the +0 chain mail of Words of Power {rPois MR+}
   (You bought it in a shop on level 2 of the Lair of Beasts)

   It protects you from poison.
   It affects your resistance to hostile enchantments.
 O - a +2 helmet of intelligence (melded)
Magical Staves
 k - an uncursed staff of energy {unknown}
Jewellery
 z - a ring of protection from cold (melded)
 M - a ring of wizardry (melded)
Wands
 d - a wand of flame (8)
 f - a wand of acid (22)
 U - a wand of iceblast (10)
 X - a wand of disintegration (5)
 Y - a wand of digging (4)
Scrolls
 a - a scroll of summoning {unknown}
 e - 2 scrolls of magic mapping
 i - 7 scrolls of identify
 j - 6 scrolls of blinking
 q - 5 scrolls of fear
 t - 14 scrolls of remove curse
 y - 3 scrolls of fog
 N - 4 scrolls of teleportation
 R - 2 scrolls of immolation
Potions
 g - 6 potions of brilliance
 h - a potion of agility
 o - 4 potions of curing
 s - a potion of invisibility
 v - 2 potions of heal wounds
 x - 4 potions of cancellation
 C - 4 potions of lignification
 H - 4 potions of might
 J - a potion of berserk rage
 L - 6 potions of haste
 Q - 2 potions of mutation
 V - 5 potions of resistance
 W - 2 potions of magic
Miscellaneous
 m - a sack of spiders
Comestibles
 u - 14 rations


   Skills:
 - Level 14.8 Fighting
   Level 1.1 Axes
 - Level 10.1 Armour
 - Level 2.3 Dodging
 - Level 2.1 Stealth
 - Level 4.2 Shields
 + Level 15.1 Unarmed Combat
 - Level 9.0 Spellcasting
 - Level 3.1 Conjurations
 - Level 1.2 Hexes
 - Level 0.8 Summonings
 - Level 2.2 Translocations
 - Level 2.0 Fire Magic
 - Level 2.0 Air Magic
 - Level 2.0 Poison Magic


You had 19 spell levels left.
You knew the following spells:

 Your Spells              Type           Power        Failure   Level  Hunger
a - Magic Dart            Conj           ###.         1%          1    None
b - Blink                 Tloc           N/A          4%          2    None
c - Conjure Flame         Conj/Fire      ###.....     8%          3    None
d - Confusing Touch       Hex            ##....       4%          1    None
e - Mephitic Cloud        Conj/Pois/Air  ###.....     9%          3    None
i - Call Imp              Summ           ##......     9%          2    None


Dungeon Overview and Level Annotations

Branches:
Dungeon (13/15)            Temple (1/1) D:4            Lair (3/6) D:11
  Swamp (0/4) Lair:2        Snake (0/4) Lair:2          Orc (2/2) D:11
    Elf (0/3) Orc:2
 Vaults: D:13-14

Altars:
Ashenzari
Cheibriados
Dithmenos
Elyvilon
Fedhas
Gozag
Hepliaklqana
Kikubaaqudgha
Makhleb
Nemelex Xobeh
Okawaru
Qazlal
Ru
Sif Muna
Trog
Uskayaw
Vehumet
Wu Jian
Xom
Yredelemnul
Zin
The Shining One

Shops:
D:6 :   D:9 (   Orc:2 [:}!   Lair:2 =[?*[

Annotations:
D:13 Kirke
Lair:3 exclusion: 2 oklob plants


Innate Abilities, Weirdness & Mutations

You are resistant to torment.
((Your stone body is resilient. (AC +10)))
You are immune to poison.
((Your large and strong wings let you fly indefinitely.))
You resist negative energy. (rN+)
((You are resistant to electric shocks. (rElec)))
((You can survive without breathing.))
You are immune to petrification.
You are immune to rotting.


Message History

The harpy closely misses you.
Unknown command.
Unknown command.
Unknown command.
You can't do that in your present form.
Unknown command.
Unknown command.
As you read the scroll of teleportation, it crumbles to dust.
You feel strangely unstable. The harpy claws you.
* * * LOW HITPOINT WARNING * * *
The harpy claws you.
* * * LOW HITPOINT WARNING * * *
Kirke casts a spell at you.
You struggle to resist.
The hog misses you. The harpy claws you.
* * * LOW HITPOINT WARNING * * *
The harpy barely misses you. The manticore bites you.
* * * LOW HITPOINT WARNING * * *
The manticore claws you!
You die...
Your body crumbles into a pile of gold.

#.....#...# #..#
#....###....#
#.######..## #....# .....
#....#.....# ..(.##
......#########..##...#
ยง...
......#.....##...####....
โ‰ˆ... ... #.....#.#..#
#... โ‰ˆ... #....#.##..#
... #HhH#.###..# .#
#.h#.......# #
###@#####.... ##.## #....
#Hh$## ..... ###{y##....
##yh...# #.O..y.#
#.Ky###..# .....## #.#


You could see Kirke, a manticore, a harpy and a hog.

Vanquished Creatures
  Gastronok (Lair:2)
  A red draconian (Volcano)
  An ettin (Orc:2)
  2 hydras
  2 centaur warriors
  The ghost of Pawles22 the Nimble, a journeyman DEWz of Sif Muna (Lair:1)
  A catoblepas (Lair:2)
  12 two-headed ogres
  2 ogre magi (Orc:2)
  3 orc high priests
  An iron troll (Orc:2)
  A deep troll (Orc:1)
  2 unseen horrors (D:12)
  A necromancer (IceCv)
  3 orc knights (Orc:1)
  5 orc sorcerers (Orc:1)
  5 ugly things (D:11)
  2 cyclopes (Orc:2)
  Joseph (D:10)
  A deep elf mage (D:12)
  3 black mambas
  4 ice statues (IceCv)
  Psyche (D:10)
  2 spiny frogs
  A gargoyle (D:11)
  A rime drake (Lair:2)
  2 yaktaurs (Volcano)
  A centaur skeleton (D:11)
  2 komodo dragons
  7 ice devils (IceCv)
  12 trolls
  11 blink frogs
  7 hippogriffs
  5 fire bats (Volcano)
  24 yaks
  A wraith (D:12)
  A wyvern (D:11)
  3 basilisks
  A hog (D:13)
  A steam dragon (Volcano)
  Edmund (D:4)
  Menkaure (D:7)
  5 wargs
  An acid dragon (D:12)
  14 water moccasins
  A black bear (D:11)
  8 porcupines
  17 orc warriors
  10 ice beasts
  A sky beast (D:12)
  A swamp drake (Volcano)
  23 ogres
  5 phantoms
  A necrophage (D:12)
  14 centaurs
  7 crocodiles
  4 big kobolds
  An elf zombie (D:8)
  14 bullfrogs
  2 wyvern zombies
  3 scorpions
  17 killer bees
  4 wights (D:8)
  4 howler monkeys
  9 crimson imps
  A quasit (D:10)
  4 centaur zombies
  6 lava snakes (Volcano)
  A bullfrog zombie (D:5)
  3 jellies
  A draconian simulacrum (IceCv)
  2 bullfrog skeletons
  2 human zombies (D:8)
  13 orc priests
  3 hounds
  A human skeleton (D:8)
  Ijyb (D:4)
  3 iguanas
  17 orc wizards
  6 worker ants
  2 troll simulacra (IceCv)
  2 killer bee zombies
  A centaur simulacrum (IceCv)
  An ogre zombie (D:8)
  2 hound zombies
  2 hound skeletons
  3 mummies (D:8)
  Robin (D:2)
  7 gnolls
  11 adders
  4 naga simulacra (IceCv)
  2 ogre simulacra (IceCv)
  3 shadow imps
  3 worms
  3 dart slugs
  4 leopard geckos
  78 orcs
  7 giant cockroaches
  10 goblins
  16 hobgoblins
  8 jackals
  2 quokkas
  8 bats
  10 frilled lizards
  A jackal skeleton (D:7)
  A jackal zombie (D:8)
  24 kobolds
  A leopard gecko skeleton (D:4)
  5 rats
  A fungus (Lair:2)
593 creatures vanquished.

Vanquished Creatures (collateral kills)
  A centaur (D:11)
1 creature vanquished.

Vanquished Creatures (others)
  36 fungi
  19 plants
55 creatures vanquished.

Grand Total: 649 creatures vanquished

Notes
Turn   | Place    | Note
-------+----------+-------------------------------------------
     0 | D:1      | letownia2 the Gargoyle Wizard began the quest for the Orb.
     0 | D:1      | Reached XP level 1. HP: 10/10 MP: 4/4
   272 | D:1      | Reached XP level 2. HP: 12/15 MP: 3/6
  1001 | D:2      | Found a shadowy altar of Dithmenos.
  1004 | D:2      | Reached XP level 3. HP: 19/19 MP: 4/7
  1046 | D:2      | Learned a level 3 spell: Mephitic Cloud
  1050 | D:2      | Learned a level 3 spell: Conjure Flame
  1125 | D:4      | Noticed Edmund
  1755 | D:4      | Reached skill level 1 in Fire Magic
  1755 | D:4      | Reached skill level 1 in Air Magic
  1755 | D:4      | Reached skill level 1 in Poison Magic
  1755 | D:4      | Reached XP level 4. HP: 24/24 MP: 1/8
  1861 | D:4      | Reached XP level 5. HP: 28/28 MP: 2/9
  1867 | D:4      | Found a staircase to the Ecumenical Temple.
  1932 | Temple   | Entered the Ecumenical Temple
  2166 | Temple   | Became a worshipper of Gozag Ym Sagoz the Greedy
  2196 | Temple   | Learned a level 2 spell: Blink
  2408 | D:3      | Reached skill level 1 in Translocations
  2660 | D:3      | Reached skill level 1 in Fighting
  2788 | D:3      | Noticed Robin
  2823 | D:2      | Killed Robin
  2855 | D:3      | Found a basalt altar of Yredelemnul.
  2961 | D:3      | Reached XP level 6. HP: 34/34 MP: 10/10
  3194 | D:2      | Reached skill level 1 in Armour
  3400 | D:2      | Found a bloodstained altar of Trog.
  4469 | D:4      | Learned a level 1 spell: Confusing Touch
  4809 | D:4      | Killed Edmund
  4809 | D:4      | Reached skill level 1 in Hexes
  4809 | D:4      | Reached XP level 7. HP: 19/40 MP: 3/12
  4861 | D:4      | Noticed Ijyb
  4881 | D:4      | Killed Ijyb
  4947 | D:5      | Entered Level 5 of the Dungeon
  5043 | D:5      | Found a burning altar of Makhleb.
  5316 | D:5      | You fall through a shaft for 3 floors!
  5326 | D:8      | Reached skill level 5 in Spellcasting
  5326 | D:8      | Reached XP level 8. HP: 36/45 MP: 15/15
  5471 | D:8      | Found a sacrificial altar of Ru.
  5585 | D:8      | Noticed a hippogriff
  5595 | D:8      | Killed a hippogriff
  6228 | D:6      | Found a sacrificial altar of Ru.
  6244 | D:6      | Found Ficu's Book Shop.
  6306 | D:6      | Found a white marble altar of Elyvilon.
  6309 | D:6      | Found a hazy altar of Hepliaklqana.
  6312 | D:6      | Found an ornate altar of the Wu Jian Council.
  6426 | D:6      | Learned a level 2 spell: Call Imp
  6651 | D:7      | Reached XP level 9. HP: 39/52 MP: 14/18
  6656 | D:7      | Noticed a two-headed ogre
  6657 | D:7      | Noticed Menkaure
  6695 | D:7      | Killed a two-headed ogre
  6780 | D:7      | Killed Menkaure
  6944 | D:7      | Found a glowing golden altar of the Shining One.
  7144 | D:8      | Noticed a two-headed ogre
  7176 | D:8      | Killed a two-headed ogre
  7176 | D:8      | Reached skill level 5 in Armour
  7293 | D:8      | Found a sacrificial altar of Ru.
  7496 | D:8      | Found an ancient bone altar of Kikubaaqudgha.
  7523 | D:8      | Reached XP level 10. HP: 53/61 MP: 22/22
  7810 | D:9      | Found Divoxol's Antique Weapon Boutique.
  8067 | D:9      | You fall through a shaft for 3 floors!
  8102 | D:12     | Noticed a two-headed ogre
  8145 | D:12     | Killed a two-headed ogre
  8160 | D:12     | Killed an unseen horror
  8204 | D:12     | Reached skill level 10 in Fighting
  8254 | D:12     | Killed an unseen horror
  8298 | D:12     | Noticed a deep elf mage
  8298 | D:12     | Reached XP level 11. HP: 53/74 MP: 20/23
  8322 | D:11     | Noticed a brown ugly thing
  8330 | D:11     | Killed a brown ugly thing
  8366 | D:11     | Noticed a green ugly thing
  8373 | D:11     | Killed a green ugly thing
  8774 | D:11     | Noticed a brown ugly thing
  8788 | D:11     | Killed a brown ugly thing
  8845 | D:11     | Found a staircase to the Lair.
  8904 | D:11     | Noticed a two-headed ogre
  8922 | D:11     | Killed a two-headed ogre
  9057 | D:11     | Reached skill level 1 in Unarmed Combat
  9519 | D:11     | Noticed a brown ugly thing
  9522 | D:11     | Noticed a green ugly thing
  9528 | D:11     | Killed a brown ugly thing
  9528 | D:11     | Reached skill level 2 in Unarmed Combat
  9530 | D:11     | Killed a green ugly thing
  9530 | D:11     | Reached XP level 12. HP: 58/84 MP: 11/25
  9726 | D:11     | Found a staircase to the Orcish Mines.
  9760 | D:11     | Reached skill level 3 in Unarmed Combat
 10019 | D:10     | Entered Level 10 of the Dungeon
 10139 | D:10     | Noticed Joseph
 10165 | D:10     | Killed Joseph
 10464 | D:9      | Reached skill level 4 in Unarmed Combat
 10741 | D:10     | Noticed Psyche
 10791 | D:10     | Killed Psyche
 10981 | D:10     | Found a snail-covered altar of Cheibriados.
 11710 | D:12     | Reached skill level 5 in Unarmed Combat
 11866 | Lair:1   | Entered Level 1 of the Lair of Beasts
 11984 | Lair:1   | Found a dark tunnel.
 12037 | Volcano  | Entered a volcano
 12298 | Volcano  | Noticed a centaur warrior
 12303 | Volcano  | Found a burning altar of Makhleb.
 12321 | Volcano  | Reached skill level 10 in Armour
 12329 | Volcano  | Killed a centaur warrior
 12329 | Volcano  | Reached skill level 6 in Unarmed Combat
 12392 | Volcano  | Noticed a red draconian
 12453 | Volcano  | Killed a red draconian
 12453 | Volcano  | Reached XP level 13. HP: 28/90 MP: 23/26
 12659 | Volcano  | Found a bloodstained altar of Trog.
 12801 | Lair:1   | Reached skill level 7 in Unarmed Combat
 13181 | Lair:1   | Reached skill level 8 in Unarmed Combat
 13281 | Lair:1   | Noticed Pawles22's ghost (journeyman DEWz)
 13291 | Lair:1   | Killed Pawles22's ghost
 13613 | Lair:2   | Bought a scroll labeled PATSOM MEEGACKO for 34 gold pieces
 13630 | Lair:2   | Bought a slimy chain mail for 218 gold pieces
 13640 | Lair:2   | Identified the cursed +0 chain mail of Words of Power {rPois MR+} (You bought it in a shop on level 2 of the Lair of Beasts)
 13942 | Lair:2   | Reached skill level 1 in Axes
 13959 | Lair:2   | Found a frozen archway.
 14016 | IceCv    | Entered an ice cave
 14044 | IceCv    | Reached skill level 9 in Unarmed Combat
 15509 | IceCv    | Got a twisted buckler
 15520 | IceCv    | Identified the +2 buckler of Hadjma {Dex+3} (You found it in an ice cave)
 15824 | Lair:2   | Reached skill level 10 in Unarmed Combat
 15857 | Lair:2   | Found a staircase to the Swamp.
 15876 | Lair:2   | Found a staircase to the Snake Pit.
 16047 | Lair:2   | Noticed Gastronok
 16083 | Lair:2   | Got a warped great mace
 16197 | Lair:2   | Identified the cursed +0 great mace of Zin's Condemnation {crush, rElec rF+ Int+3} (You found it on level 2 of the Lair of Beasts)
 16577 | Lair:2   | Killed Gastronok
 16577 | Lair:2   | Reached skill level 11 in Unarmed Combat
 16816 | Lair:3   | Gained mutation: Your large and strong wings let you fly indefinitely. [Gargoyle growth]
 16816 | Lair:3   | Reached XP level 14. HP: 51/96 MP: 19/27
 17149 | Lair:3   | Reached skill level 12 in Unarmed Combat
 17587 | Orc:1    | Entered Level 1 of the Orcish Mines
 18319 | Orc:2    | Entered Level 2 of the Orcish Mines
 18319 | Orc:2    | Found a staircase to the Elven Halls.
 18329 | Orc:2    | Reached skill level 13 in Unarmed Combat
 18821 | Orc:2    | Found Ydigutt's Book Boutique.
 19864 | Orc:2    | Reached skill level 14 in Unarmed Combat
 20582 | Orc:2    | Found Awijude's Armour Shop.
 20583 | Orc:2    | Found Kaut Facu's Gadget Shoppe.
 20612 | Orc:2    | Reached skill level 15 in Unarmed Combat
 20637 | Orc:2    | Found Epteful's Distillery.
 20688 | Orc:2    | Found a burning altar of Makhleb.
 21237 | D:13     | Noticed Kirke
 21284 | D:13     | Slain by a manticore

Skill      XL: |  1  2  3  4  5  6  7  8  9 10 11 12 13 14 |
---------------+-------------------------------------------+-----
Conjurations   | 2 3 |  3.1
Fire Magic     | 1 2 |  2.0
Air Magic      | 1 2 |  2.0
Poison Magic   | 1 2 |  2.0
Translocations | 1 2 |  2.2
Fighting       | 1 2 4 6 11 13 14 | 14.8
Armour         | 1 3 5 8 10 | 10.1
Hexes          | 1 |  1.2
Spellcasting   | 5 6 8 9 |  9.0
Shields        | 4 |  4.2
Dodging        | 2 |  2.3
Unarmed Combat | 2 6 11 15 | 15.1
Axes           | 1 |  1.1
Stealth        | |  2.1
Summonings     | |  0.8

Action                   |  1- 3 |  4- 6 |  7- 9 | 10-12 | 13-15 || total
-------------------------+-------+-------+-------+-------+-------++-------
Melee: Unarmed           |     3 |     3 |       |     7 |   770 ||   783
       Dagger            |     8 |   323 |    12 |    11 |       ||   354
       Flail             |       |    10 |   265 |   168 |    21 ||   464
       Trident           |       |       |    17 |   696 |    87 ||   800
       Broad axe         |       |       |       |       |   260 ||   260
 Fire: Blowgun           |       |       |       |       |     3 ||     3
Throw: Javelin           |    11 |    17 |     6 |     3 |    11 ||    48
 Cast: Magic Dart        |    66 |   116 |     2 |     3 |     7 ||   194
       Mephitic Cloud    |     2 |     3 |    10 |    23 |    70 ||   108
       Confusing Touch   |       |     2 |       |       |       ||     2
       Conjure Flame     |       |     1 |     7 |    49 |    53 ||   110
       Blink             |       |       |       |       |    11 ||    11
Invok: Call Merchant     |       |       |       |       |     5 ||     5
Evoke: Wand              |       |       |       |    21 |    28 ||    49
       Sack of spiders   |       |       |       |       |     2 ||     2
  Use: Potion            |     1 |       |       |     3 |     1 ||     5
       Scroll            |       |       |     5 |       |    21 ||    26
 Stab: Confused          |       |     3 |     1 |    11 |    39 ||    54
       Sleeping          |       |     1 |       |       |       ||     1
       Distracted        |       |       |     1 |     7 |     3 ||    11
  Eat: Chunk             |     2 |     1 |       |       |       ||     3
       Ration            |       |     3 |     3 |     5 |    10 ||    21
Armor: Robe              |     8 |       |       |       |       ||     8
       Leather armour    |    14 |    39 |       |       |       ||    53
       Animal skin       |       |    88 |       |       |       ||    88
       Ring mail         |       |       |   184 |   447 |   228 ||   859
       Skin              |       |       |       |     2 |       ||     2
       Scale mail        |       |       |       |       |   387 ||   387
Dodge: Dodged            |    39 |   164 |   183 |   399 |   444 ||  1229
Block: Buckler           |       |       |    53 |   191 |   235 ||   479
